 Dungeon Crawl Stone Soup version 0.25-a0-566-g062765be81 (webtiles) character file.

Game seed: 14083960701572597846, levelgen mode: deterministic

3740 Flugslaktarn the Cleaver (level 9, -7/82 HPs)
             Began as a Deep Dwarf Fighter on Feb 28, 2020.
             Was a Priest of Makhleb.
             Mangled by a two-headed ogre
             ... wielding a +0 giant club
              (19 damage)
             ... on level 7 of the Dungeon.
             The game lasted 00:03:39 (4335 turns).

Flugslaktarn the Cleaver (Deep Dwarf Fighter)       Turns: 4335, Time: 00:03:40

Health: -7/82      AC: 11    Str: 24    XL:     9   Next: 93%
Magic:  6/6        EV:  8    Int:  8    God:    Makhleb [***...]
Gold:   262        SH: 11    Dex: 12    Spells: 8/8 levels left

rFire    . . .     SeeInvis .   v - +0 broad axe
rCold    . . .     Gourm    .   c - +0 kite shield
rNeg     . . .     Faith    .   b - +0 scale mail
rPois    .         Spirit   .   x - +0 helmet
rElec    .         Reflect  .   (no cloak)
rCorr    .         Harm     .   (no gloves)
MR       +....                  s - +1 pair of boots
Stlth    ..........             (no amulet)
HPRegen  0.00/turn              (no ring)
MPRegen  0.10/turn              (no ring)

@: lethally poisoned (-7 -> -7), non-regenerating
A: damage resistance, heal wounds, sense surroundings 2, no regeneration
a: Heal Wounds, Minor Destruction, Lesser Servant of Makhleb, Renounce Religion


You were on level 7 of the Dungeon.
You worshipped Makhleb.
Makhleb was most pleased with you.
You were not hungry.

You visited 2 branches of the dungeon, and saw 9 of its levels.
You also visited: Sewer.

You collected 262 gold pieces.

Inventory:

Hand Weapons
 a - a +0 war axe
 v - a +0 broad axe (weapon)
   (You took it off an orc warrior on level 6 of the Dungeon)
Missiles
 u - a throwing net (quivered)
Armour
 b - a +0 scale mail (worn)
 c - a +0 kite shield (worn)
 s - a +1 pair of boots (worn)
   (You found it on level 4 of the Dungeon)
 x - a +0 helmet (worn)
   (You found it on level 5 of the Dungeon)
Wands
 i - a wand of paralysis (4)
   (You found it on level 7 of the Dungeon)
Scrolls
 f - 2 scrolls of enchant armour
 h - 3 scrolls of fear
 m - a scroll of magic mapping
 t - 2 scrolls of teleportation
 w - a scroll of remove curse
Potions
 d - 2 potions of might
 g - 4 potions of brilliance
 j - a potion of degeneration {unknown}
 k - 2 potions of heal wounds
 l - a potion of stabbing
 n - a potion of resistance
 o - a potion of cancellation
 p - 2 potions of flight
 q - 4 potions of curing
Comestibles
 e - 7 rations
 z - 3 chunks of flesh


   Skills:
 + Level 6.1 Fighting
 * Level 9.5 Axes
 + Level 7.2 Armour
 + Level 7.3 Shields
 + Level 6.8 Invocations


You had 8 spell levels left.
You didn't know any spells.
Your spell library was empty.

Dungeon Overview and Level Annotations

Branches:
Dungeon (8/15)             Temple (1/1) D:4           Sewer (visited)
   Lair: D:8-11

Altars:
Ashenzari
Cheibriados
Dithmenos
Fedhas
Gozag
Hepliaklqana
Kikubaaqudgha
Makhleb
Nemelex Xobeh
Okawaru
Qazlal
Ru
Sif Muna
Trog
Uskayaw
Vehumet
Xom
Yredelemnul
Zin
The Shining One


Innate Abilities, Weirdness & Mutations

You are resistant to damage.
You can heal yourself by infusing magical energy.
You passively map the area around you.
You do not regenerate.


Message History

The two-headed ogre hits you with a +0 giant club!
The two-headed ogre barely misses you. You block the adder's attack.
The orc warrior barely misses you.
You hit the orc warrior.
The orc warrior is almost dead.
You hit the adder. You hit the two-headed ogre. The adder barely misses you.
You block the two-headed ogre's attack. x2
The orc warrior hits you but does no damage.
The adder bites you.
You are poisoned.
The adder poisons you!
You slash the orc warrior!
You kill the orc warrior!
Makhleb accepts your kill.
You hit the two-headed ogre.
Your shield and scale mail prevent you from hitting the adder.
The two-headed ogre hits you with a +0 giant club!!
* * * LOW HITPOINT WARNING * * *
The two-headed ogre hits you with a +0 giant club!!
You die...

............# #.........#
....)......<# #.........#
..)?).....#.### #.........#
..).).....#...## #.........#
..........###..# #.........#
............##.# #.........#
#.........#....###.........#
........#.##.....#.........#
..............##@)##.#######
#.###...##.#....OS.....#
...###...#...#..)......#####
#..##..#.#...#.............#
#...#.##..................##
##..#.####.............####
.#......##.##....^.....#
....###.....##..(......#
......##.#..##.........#


You could see a two-headed ogre and an adder.

Vanquished Creatures
  Prince Ribbit (D:7)
  Eustachio (D:6)
  A hungry ghost (D:7)
  Edmund (D:6)
  Menkaure (D:7)
  Duvessa (D:6)
  2 orc warriors
  Purgy (Sewer)
  A sky beast (D:5)
  A phantom (D:4)
  3 black bears (D:7)
  5 ogres
  2 centaurs
  A bullfrog (D:6)
  Dowan (D:6)
  3 scorpions
  5 killer bees (D:7)
  3 howler monkeys
  2 crimson imps (D:7)
  2 jellies
  A quasit (D:7)
  A hound (D:7)
  3 bullfrog skeletons
  5 orc wizards
  A gnoll shaman (D:8)
  4 orc priests
  Natasha (thrice) (D:4)
  2 iguanas
  A worker ant (D:7)
  A killer bee zombie (D:7)
  A hound zombie (D:5)
  A hound skeleton (D:5)
  A worker ant zombie (D:7)
  7 gnolls
  9 adders
  2 shadow imps
  2 adder skeletons
  2 worms (D:6)
  A dart slug (D:2)
  4 leopard geckos
  13 orcs
  10 giant cockroaches
  4 goblins
  5 hobgoblins (D:1)
  10 jackals
  5 quokkas
  4 ball pythons
  4 bats
  4 frilled lizards
  7 kobolds
  A quokka skeleton (D:5)
  A quokka zombie (D:5)
  4 rats
162 creatures vanquished.

Notes
Turn   | Place    | Note
-------+----------+-------------------------------------------
     0 | D:1      | Flugslaktarn the Deep Dwarf Fighter began the quest for the
                  | Orb.
     0 | D:1      | Reached XP level 1. HP: 20/20 MP: 1/1
   172 | D:1      | Reached XP level 2. HP: 24/27 MP: 2/2
   309 | D:2      | Reached XP level 3. HP: 32/33 MP: 2/2
   496 | D:2      | Reached skill level 3 in Axes
   502 | D:3      | Found a blossoming altar of Fedhas.
   523 | D:3      | Found a hazy altar of Hepliaklqana.
   759 | D:3      | Found a glowing drain.
   787 | Sewer    | Entered a sewer
   819 | Sewer    | Noticed Purgy
   833 | Sewer    | Killed Purgy
   833 | Sewer    | Reached skill level 4 in Axes
   833 | Sewer    | Reached XP level 4. HP: 16/42 MP: 3/3
   833 | Sewer    | Reached XP level 5. HP: 18/49 MP: 4/4
   932 | D:4      | Found a staircase to the Ecumenical Temple.
   941 | Temple   | Entered the Ecumenical Temple
  1131 | Temple   | Became a worshipper of Makhleb the Destroyer
  1238 | D:4      | Reached skill level 1 in Invocations
  1427 | D:4      | Reached XP level 6. HP: 47/56 MP: 5/5
  1533 | D:4      | Noticed Natasha
  1543 | D:4      | Killed Natasha
  1608 | D:4      | Noticed Natasha
  1620 | D:4      | Killed Natasha
  1660 | D:4      | Noticed Natasha
  1681 | D:4      | Killed Natasha
  1941 | D:4      | Reached skill level 5 in Axes
  2085 | D:5      | Entered Level 5 of the Dungeon
  2125 | D:5      | Noticed a sky beast
  2164 | D:5      | Killed a sky beast
  2164 | D:5      | Reached XP level 7. HP: 46/64 MP: 6/6
  2168 | D:5      | Reached skill level 5 in Shields
  2204 | D:5      | Reached skill level 5 in Armour
  2336 | D:5      | Reached skill level 6 in Axes
  2454 | D:5      | Reached * piety under Makhleb
  2591 | D:5      | Reached XP level 8. HP: 45/73 MP: 8/8
  2757 | D:6      | Noticed Eustachio
  2762 | D:6      | Noticed Duvessa
  2767 | D:6      | Noticed Dowan
  2768 | D:6      | Killed Eustachio
  2789 | D:6      | Killed Dowan
  2805 | D:6      | Reached skill level 7 in Axes
  2806 | D:6      | Killed Duvessa
  3096 | D:6      | Reached skill level 5 in Fighting
  3096 | D:6      | Reached skill level 5 in Invocations
  3169 | D:6      | Found a sacrificial altar of Ru.
  3349 | D:6      | Noticed Edmund
  3366 | D:6      | Killed Edmund
  3366 | D:6      | Gained mutation: You passively map the area around you.
                  | [Deep Dwarf growth]
  3366 | D:6      | Reached XP level 9. HP: 66/81 MP: 9/9
  3473 | D:6      | Found a snail-covered altar of Cheibriados.
  3661 | D:7      | Noticed Menkaure
  3662 | D:7      | Reached skill level 8 in Axes
  3667 | D:7      | Killed Menkaure
  3674 | D:7      | Reached ** piety under Makhleb
  3795 | D:7      | Noticed a +0 dagger
  3796 | D:7      | Noticed a +0 hand axe
  3797 | D:7      | Found a hide-covered altar of Uskayaw.
  3853 | D:7      | Noticed Prince Ribbit
  3965 | D:7      | Killed Prince Ribbit
  3965 | D:7      | Reached skill level 9 in Axes
  4069 | D:7      | Found a bloodstained altar of Trog.
  4243 | D:7      | Found a shattered altar of Ashenzari.
  4248 | D:7      | Saw a vision of the Swamp and the Snake Pit.
  4248 | D:7      | Noticed an alligator
  4248 | D:7      | Noticed a salamander
  4248 | D:7      | Noticed a naga mage
  4248 | D:7      | Noticed a naga ritualist
  4248 | D:7      | Noticed a black mamba
  4315 | D:8      | Noticed a two-headed ogre
  4321 | D:8      | Reached *** piety under Makhleb
  4335 | D:7      | Mangled by a two-headed ogre

Levels and vault maps discovered:
D:1:      shiori_arrival_oz, layout_loops_corners
D:2:      layout_rooms, hangedman_decor_clover_reticule, grunt_ministairs_4
D:3:      minmay_razor_zed, layout_basic, old_standard_altar,
          gup_sewer_entry_pipe, fedhas_altar_2
D:4:      layout_basic, minmay_temple_entry_waves, first_ration, uniq_natasha
D:5:      layout_loops_ring
D:6:      layout_basic, cheibrodos_worm_habitat,
          nicolae_ru_sacrificial_ziggurat, uniq_edmund, uniq_eustachio,
          uniq_duvessa
D:7:      layout_rooms, dancing_weapons_uskayaw, trog_ov_bears_minmay,
          grunt_ashenzari_visionary [grunt_ashenzari_visionary_swamp,
          grunt_ashenzari_visionary_snake], uniq_prince_ribbit1, uniq_menkaure
D:8:      layout_loops_ring, nicolae_overflow_crystal_walls,
          lemuel_crystal_altar
Temple:   eino_temple_rhombus

Skill      XL: |  1  2  3  4  5  6  7  8  9 |
---------------+----------------------------+-----
Axes           | 4 5 6 7 9 |  9.5
Fighting       | 3 4 5 6 |  6.1
Armour         | 4 5 6 7 |  7.2
Shields        | 4 5 6 7 |  7.3
Invocations    | 1 2 3 5 6 |  6.8

Action                   |  1- 3 |  4- 6 |  7- 9 || total
-------------------------+-------+-------+-------++-------
Melee: War axe           |   166 |   163 |   187 ||   516
       Broad axe         |       |       |   241 ||   241
 Abil: Heal Wounds       |     1 |     9 |    30 ||    40
  Use: Scroll            |       |       |    13 ||    13
       Potion            |       |       |     1 ||     1
  Eat: Chunk             |       |     4 |    14 ||    18
Armor: Scale mail        |   106 |    70 |   287 ||   463
Dodge: Dodged            |    78 |    74 |   243 ||   395
Block: Kite shield       |   113 |   103 |   372 ||   588

Table legend:
 A = Non-vault XP
 B = Vault XP
 C = Vault XP percentage of total XP
 D = Non-vault monster count
 E = Vault monster count
 F = Vault count percentage of total count
                 A         B        C        D         E       F
            +---------+---------+-------+---------+---------+-------
      Total |    3873 |    1471 |  27.5 |     137 |      25 |  15.4
            +---------+---------+-------+---------+---------+-------
        D:1 |      21 |       1 |   4.5 |      12 |       1 |   7.7
        D:2 |      21 |       2 |   8.7 |      12 |       1 |   7.7
        D:3 |      39 |      19 |  32.8 |      10 |       8 |  44.4
        D:4 |     384 |      36 |   8.6 |      14 |       1 |   6.7
        D:5 |     768 |       0 |   0.0 |      22 |       0 |   0.0
        D:6 |     795 |     587 |  42.5 |      17 |       5 |  22.7
        D:7 |    1719 |     685 |  28.5 |      45 |       4 |   8.2
        D:8 |     126 |       0 |   0.0 |       5 |       0 |   0.0
      Sewer |       0 |     141 | 100.0 |       0 |       5 | 100.0
            +---------+---------+-------+---------+---------+-------
